Map: Galactic Process LE

Players

Elazer - Winner!

  • Race: Zerg Zerg

puCK (Nina)

  • Race: Protoss Protoss
  • League: Diamond

Event: IEM Season 11 - Shanghai

VOD

Have the link to the VOD?

Description

Time

  • Played on: July 28, 2016, 7:35 a.m.
  • Length: 9:11

All games in this series

Show
View Real Time Build Order
Export as new Build Order

Elazer Zerg - Winner!

Build Orders: Hatch First, Lurkers 

Get SALT Encoding   

  12  0:00  Drone  
  13  0:12  Overlord  
  13  0:17  Drone  
  14  0:30  Drone x2  
  14  0:34  Drone  
  17  0:51  Hatchery  
  17  0:54  Drone  
  17  0:57  Drone  
  18  1:08  Extractor  
  17  1:12  Spawning Pool  
  17  1:15  Drone  
  17  1:18  Drone  
  18  1:28  Drone  
  19  1:38  Overlord  
  19  1:50  Drone  
  20  1:58  Queen  
  20  2:00  Drone  
  23  2:02  Queen  
  23  2:03  Zergling x2  
  23  2:07  Metabolic Boost  
  26  2:10  Drone  
  26  2:13  Drone  
  28  2:29  Hatchery  
  27  2:34  Drone  
  27  2:35  Drone  
  29  2:40  Queen  
  31  2:44  Zergling x2  
  31  2:45  Zergling x2  
  31  2:47  Drone  
  31  2:50  Drone  
  35  2:56  Drone  
  36  3:01  Overlord  
  36  3:09  Overlord  
  36  3:17  Overlord  
  36  3:19  Queen  
  36  3:20  Drone  
  36  3:21  Drone x3  
  36  3:23  Drone  
  36  3:25  Drone  
  44  3:30  Drone  
  44  3:32  Drone  
  46  3:39  Overlord  
  46  3:40  Drone  
  46  3:43  Drone  
  46  3:45  Drone x2  
  48  3:49  Queen  
  48  3:51  Extractor  
  48  3:53  Overlord  
  48  3:54  Drone x3  
  52  3:58  Queen  
  54  4:03  Overlord  
  54  4:04  Drone  
  54  4:05  Drone  
  56  4:13  Lair  
  56  4:14  Zergling x4  
  56  4:15  Zergling x2  
  59  4:20  Zergling x4  
  59  4:21  Zergling x4  
  63  4:26  Overlord  
  62  4:31  Drone x2  
  62  4:32  Drone  
  62  4:34  Drone, Roach Warren  
  65  4:43  Zergling x2  
  65  4:44  Zergling x12  
  72  4:48  Overlord  
  72  4:54  Zergling x6  
  72  4:58  Overlord  
  75  5:01  Overlord  
  75  5:02  Drone  
  75  5:03  Drone x3  
  75  5:04  Extractor  
  75  5:05  Extractor  
  77  5:10  Drone x3  
  77  5:12  Evolution Chamber, Drone  
  81  5:14  Drone  
  81  5:20  Extractor  
  80  5:21  Drone x2  
  80  5:22  Drone x3, Hydralisk Den  
  80  5:24  Overlord  
  80  5:27  Drone  
  85  5:30  Drone x2  
  85  5:31  Drone  
  85  5:32  Drone  
  89  5:41  Drone x4  
  93  5:43  Overlord  
  93  5:46  Zerg Melee Weapons Level 1  
  93  5:47  Extractor  
  93  5:48  Overlord  
  91  5:50  Overlord  
  91  5:52  Lurker Den  
  91  6:01  Drone x2  
  91  6:03  Drone  
  94  6:05  Overlord  
  94  6:08  Overlord  
  94  6:11  Hatchery  
  94  6:17  Hydralisk, Overseer, Overlord  
  94  6:18  Hydralisk x2  
  97  6:22  Drone  
  97  6:23  Hydralisk x2  
  101  6:30  Hydralisk x3  
  107  6:39  Hydralisk x5  
  107  6:46  Overlord  
  113  6:57  Hydralisk x6, Overlord  
  125  7:08  Hydralisk x4, Overlord  
  133  7:18  Muscular Augments  
  133  7:19  Lurker x2  
  133  7:20  Zergling x4  
  133  7:21  Zergling x10  
  142  7:26  Lurker  
  142  7:29  Overlord  
  143  7:40  Lurker x2  
  143  7:42  Zergling x10  
  143  7:43  Zergling x4  
  152  7:47  Lurker  
  152  7:49  Overlord  
  152  7:51  Lurker  
  154  7:54  Zergling x10  
  158  8:07  Zergling x10  
  162  8:15  Lurker x4  
  163  8:33  Zergling x2  
  163  8:34  Zergling x34  
Show
View Real Time Build Order
Export as new Build Order

puCK Protoss 

Build Orders: 1 Gate Expand 

Get SALT Encoding   

  12  0:00  Probe (Chrono Boost)  
  13  0:11  Probe (Chrono Boost)  
  14  0:18  Pylon  
  14  0:22  Probe (Chrono Boost)  
  15  0:36  Probe (Chrono Boost)  
  15  0:37  Gateway  
  16  0:42  Assimilator  
  16  0:47  Probe (Chrono Boost)  
  17  0:57  Probe (Chrono Boost)  
  18  1:08  Probe (Chrono Boost)  
  19  1:20  Probe (Chrono Boost)  
  20  1:26  Nexus  
  20  1:34  Cybernetics Core  
  20  1:37  Probe (Chrono Boost)  
  21  1:45  Pylon  
  21  1:48  Probe (Chrono Boost)  
  21  1:52  Assimilator  
  22  1:58  Probe (Chrono Boost)  
  23  2:03  Warp Gate  
  23  2:07  Adept  
  23  2:11  Probe (Chrono Boost)  
  27  2:23  Probe (Chrono Boost)  
  27  2:29  Twilight Council  
  27  2:32  Stalker  
  27  2:35  Probe (Chrono Boost)  
  30  2:39  Probe (Chrono Boost)  
  31  2:47  Probe (Chrono Boost)  
  31  2:50  Probe (Chrono Boost)  
  33  2:55  Resonating Glaives  
  34  2:59  Probe (Chrono Boost)  
  34  3:01  Probe (Chrono Boost)  
  35  3:11  Probe (Chrono Boost)  
  37  3:17  Mothership Core (Chrono Boost)  
  38  3:20  Gateway  
  38  3:21  Gateway  
  38  3:23  Probe (Chrono Boost)  
  38  3:25  Adept  
  41  3:34  Pylon  
  42  3:35  Probe (Chrono Boost)  
  42  3:36  Probe (Chrono Boost)  
  42  3:47  Probe (Chrono Boost)  
  42  3:49  Probe (Chrono Boost)  
  42  3:52  Adept  
  44  3:58  Pylon  
  44  3:59  Probe (Chrono Boost)  
  44  4:01  Probe (Chrono Boost)  
  46  4:10  Probe (Chrono Boost)  
  46  4:11  Probe (Chrono Boost)  
  46  4:17  Adept x2  
  50  4:21  Probe (Chrono Boost)  
  50  4:22  Probe (Chrono Boost)  
  54  4:28  Nexus  
  54  4:30  Pylon  
  54  4:31  Probe (Chrono Boost)  
  54  4:32  Probe (Chrono Boost)  
  54  4:38  Adept x3  
  62  4:48  Robotics Facility  
  62  4:49  Probe (Chrono Boost)  
  64  4:53  Probe (Chrono Boost)  
  64  4:54  Assimilator  
  64  4:56  Pylon  
  64  5:00  Pylon  
  64  5:02  Probe (Chrono Boost), Assimilator  
  65  5:13  Probe (Chrono Boost)  
  66  5:14  Sentry x2  
  66  5:15  Sentry  
  66  5:16  Probe (Chrono Boost)  
  73  5:24  Probe (Chrono Boost)  
  73  5:27  Probe (Chrono Boost)  
  75  5:32  Pylon  
  75  5:35  Blink  
  75  5:37  Forge  
  75  5:39  Forge  
  75  5:47  Pylon  
  75  5:48  Immortal  
  75  5:49  Probe (Chrono Boost)  
  77  5:50  Probe (Chrono Boost), Forge  
  77  5:51  Probe (Chrono Boost)  
  77  5:54  Sentry  
  84  5:59  Probe (Chrono Boost)  
  84  6:02  Probe (Chrono Boost), Gateway  
  84  6:03  Probe (Chrono Boost)  
  87  6:09  Phoenix  
  87  6:10  Pylon  
  87  6:11  Probe (Chrono Boost), Stalker  
  88  6:12  Pylon x2  
  88  6:13  Probe (Chrono Boost)  
  88  6:15  Probe (Chrono Boost)  
  88  6:17  Pylon  
  92  6:23  Probe (Chrono Boost)  
  92  6:24  Probe (Chrono Boost)  
  95  6:27  Probe (Chrono Boost)  
  95  6:32  Robotics Bay  
  95  6:33  Assimilator  
  95  6:35  Probe x2 (Chrono Boost)  
  95  6:37  Assimilator  
  95  6:39  Probe (Chrono Boost)  
  98  6:42  Pylon  
  98  6:43  Stalker x2  
  103  6:47  Probe (Chrono Boost), Gateway  
  103  6:49  Gateway  
  103  6:54  Gateway  
  103  6:59  Protoss Ground Weapons Level 1  
  103  7:03  Robotics Facility  
  103  7:07  Stalker  
  105  7:09  Pylon  
  105  7:10  Stalker x2  
  105  7:11  Observer  
  110  7:16  Stalker  
  112  7:27  Disruptor  
  112  7:30  Pylon  
  112  7:32  Stalker  
  117  7:41  Stalker x3  
  117  7:42  Gateway  
  123  7:50  Adept  
  128  7:54  Pylon  
  128  7:58  Disruptor  
  128  8:01  Stalker x2  
  135  8:20  Gateway  
  135  8:24  Gateway  
  127  8:27  Gateway  
  117  8:34  Stalker x4  
  101  8:58  Pylon  
  101  9:02  Robotics Facility, Pylon  
  92  9:08  Robotics Facility  

Tags
 
Add a new tag
Caveats
  • Supply blocks, unpowered buildings, or Contaminate may cause inaccurate times.
  • Supply counts are checked every 10 seconds.